 Dungeon Crawl Stone Soup version 0.31-a0-1074-g0b22e4e0f1 (console) character file.

Game seed: 10707873571712914611

402610 jejorda2 the Peltast (level 23, -31/183 (186) HPs)
             Began as a Gnoll Berserker on Nov 29, 2023.
             Was the Champion of Trog.
             Killed from afar by an ancient lich (91 damage)
             ... with a crystal spear
             ... on level 5 of the Vaults on Dec 1, 2023.
             The game lasted 03:15:23 (48603 turns).

jejorda2 the Peltast (Gnoll Berserker)             Turns: 48603, Time: 03:15:24

HP:   -31/183 (186) AC: 44    Str: 29    XL:     23   Next: 33%
MP:   42/42         EV: 11    Int:  4    God:    Trog [******]
Gold: 4275          SH: 20    Dex: 13    Spells: 53/53 levels left

rFire   + + +        b - +7 hand cannon {flame, backblast, rF+}
rCold   + + +        W - +0 tower shield {rC+}
rNeg    + . .        H - +6 crystal plate armour "Kimyunt" {rElec Int-3 Dex+2}
rPois   +            o - +2 helmet of the Orb Guardian {rPois rC+ rCorr Str-4}
rElec   +            h - +4 cloak "Hetymomnonu" {Regen+ Str+4}
rCorr   +            r - +1 pair of gloves "Cioq" {Rampage rF+}
SInv    +            S - +0 pair of boots of Lyxaopho {Regen+ Str+4 Dex-3 SInv}
Will    ++++.        V - amulet of faith Stlth
                     X - ring of the Equinox {rF+ Will+}
HPRegen 3.10/turn    K - ring "Haeru" {Drain rF+ rC+ rN+}
MPRegen 0.28/turn

%: rampage, faith
@: strong-willed, on berserk cooldown, regenerating, studying 3 skills, lightly
drained
A: fangs 1, strong nose, distributed training
}: 2/15 runes: decaying, gossamer
a: Renounce Religion, Berserk, Trog's Hand, Brothers in Arms


You were on level 5 of the Vaults.
You worshipped Trog.
Trog was exalted by your worship.
You visited 7 branches of the dungeon, and saw 38 of its levels.
You also visited: Sewer, Bailey, Gauntlet, Ice Cave and Wizlab.

You collected 6470 gold pieces.
You spent 2195 gold pieces at shops.

Inventory:

Hand Weapons
 a - a +9 heavy broad axe
 b - the +7 hand cannon "Mule" (weapon) {flame, backblast, rF+}
   (You found it on level 5 of the Vaults)

   rF+:       It protects you from fire.
 w - a +9 demon trident of electrocution
Missiles
 c - 14 atropa-tipped darts
 d - 6 datura-tipped darts
 f - 26 poisoned darts
 n - 32 boomerangs
 B - 2 throwing nets
 M - 8 javelins
 P - 10 silver javelins
 U - 6 curare-tipped darts
Armour
 h - the +4 cloak "Hetymomnonu" (worn) {Regen+ Str+4}
   (You acquired it on level 11 of the Dungeon)

   Str+4:     It affects your strength (+4).
   Regen+:    It increases your rate of health regeneration.
 o - the +2 helmet of the Orb Guardian (worn) {rPois rC+ rCorr Str-4}
   (You acquired it in a bailey)

   Str-4:     It affects your strength (-4).
   rC+:       It protects you from cold.
   rPois:     It protects you from poison rCorr: It protects you from acid and
   corrosion.
 r - the +1 pair of gloves "Cioq" (worn) {Rampage rF+}
   (You found it in a Gauntlet)

   rF+:       It protects you from fire.
   Rampage:   It bestows one free step when moving towards enemies.
 H - the +6 crystal plate armour "Kimyunt" (worn) {rElec Int-3 Dex+2}
   (You found it in a wizard's laboratory)

   Int-3:     It affects your intelligence (-3).
   Dex+2:     It affects your dexterity (+2).
   rElec:     It insulates you from electricity.
 S - the +0 pair of boots of Lyxaopho (worn) {Regen+ Str+4 Dex-3 SInv}
   (You found it in a Gauntlet)

   Str+4:     It affects your strength (+4).
   Dex-3:     It affects your dexterity (-3).
   SInv:      It lets you see invisible.
   Regen+:    It increases your rate of health regeneration.
 W - a +0 tower shield of cold resistance (worn)
Jewellery
 x - the ring of Xaitips {Fly Int+3 Dex+6}
   (You found it in a Gauntlet)

   [ring of dexterity]

   Int+3:     It affects your intelligence (+3).
   Dex+6:     It affects your dexterity (+6).
   Fly:       It grants you flight.
 K - the ring "Haeru" (right hand) {Drain rF+ rC+ rN+}
   (You found it in a Gauntlet)

   [ring of protection from cold]

   rF+:       It protects you from fire.
   rC+:       It protects you from cold.
   rN+:       It protects you from negative energy.
   Drain:     It drains your maximum health when unequipped.
 V - an amulet of faith (around neck)
 X - the ring of the Equinox (left hand) {rF+ Will+}
   (You found it in a Gauntlet)

   [ring of protection from fire]

   rF+:       It protects you from fire.
   Will+:     It increases your willpower.
 Y - the ring "Negyoh" {rElec rC+ AC+4 Slay+3 Stlth+}
   (You took it off a deep elf annihilator on level 3 of the Elven Halls)

   [ring of protection]

   AC+4:      It affects your AC (+4).
   Slay+3:    It affects your accuracy & damage with ranged weapons and melee
   (+3).
   rC+:       It protects you from cold.
   rElec:     It insulates you from electricity.
   Stlth+:    It makes you more stealthy.
Wands
 k - a wand of flame (80)
 l - a wand of mindburst (27)
 u - a wand of iceblast (18)
 A - a wand of charming (10)
 C - a wand of acid (25)
 R - a wand of polymorph (17)
 T - a wand of digging (16)
Scrolls
 m - 10 scrolls of teleportation
 p - 6 scrolls of fog
 y - 5 scrolls of poison
 D - 6 scrolls of fear
 G - 4 scrolls of summoning
 I - a scroll of revelation
 L - 3 scrolls of blinking
 N - 2 scrolls of immolation
 O - a scroll of silence
 Z - a scroll of enchant armour
Potions
 e - 6 potions of mutation
 g - 6 potions of might
 i - 9 potions of heal wounds
 j - 5 potions of cancellation
 q - 6 potions of enlightenment
 s - 10 potions of attraction
 t - 10 potions of ambrosia
 v - 11 potions of haste
 z - 2 potions of invisibility
 J - 13 potions of curing
 Q - 5 potions of resistance
Miscellaneous
 E - a phial of floods
 F - a tin of tremorstones (2/2)


   Skills:
 + Level 16.9 Fighting
 + Level 15.7 Short Blades
 + Level 16.8 Long Blades
 + Level 17.2 Axes
 + Level 15.7 Maces & Flails
 + Level 15.7 Polearms
 + Level 15.7 Staves
 + Level 15.7 Ranged Weapons
 + Level 15.7 Throwing
 + Level 16.3 Armour
 + Level 16.3 Dodging
 + Level 15.7 Stealth
 + Level 18.8 Shields
 + Level 15.7 Unarmed Combat
 + Level 15.7 Spellcasting
 + Level 13.3 Conjurations
 + Level 13.3 Hexes
 + Level 13.3 Summonings
 + Level 13.3 Necromancy
 + Level 13.3 Translocations
 + Level 13.3 Transmutations
 + Level 13.3 Fire Magic
 + Level 13.3 Ice Magic
 + Level 13.3 Air Magic
 + Level 13.3 Earth Magic
 + Level 13.3 Poison Magic
 + Level 17.0 Invocations
 + Level 15.7 Evocations
 + Level 14.5 Shapeshifting


You had 53 spell levels left.
You didn't know any spells.
Your spell library was empty.

Dungeon Overview and Level Annotations

Branches:
Dungeon (15/15)            Temple (0/1) D:5            Lair (5/5) D:11
  Swamp (4/4) Lair:3       Spider (4/4) Lair:2        Slime (0/5) Lair:5
    Orc (2/2) D:11            Elf (3/3) Orc:2        Vaults (5/5) D:14
  Crypt (0/3) Vaults:2     Depths (0/4) D:15          Sewer (visited)
 Bailey (visited)           IceCv (visited)          WizLab (visited)
Gauntlet (visited)

Altars:
Ashenzari
Cheibriados
Elyvilon
Fedhas
Hepliaklqana
Kikubaaqudgha
Makhleb
Nemelex Xobeh
Okawaru
Qazlal
Sif Muna
Trog
Vehumet
Xom
Yredelemnul
Zin
The Shining One
Jiyva

Shops:
D:11 [*   Orc:2 [(:(   Elf:1 *[   Elf:2 :   Elf:3 (   Vaults:1 ?   Vaults:2 =
Vaults:3 :   Vaults:4 *

Annotations:
Lair:5 exclusion: 4 oklob plants
Spider:3 Roxanne


Innate Abilities, Weirdness & Mutations

You have very sharp teeth.
Your uncanny sense of smell can sniff out nearby items.
Your experience applies equally to all skills.


Message History

The vault sentinel blows a loud note on a signal horn!
You hear a shout! x6
Your skin crawls.
You feel strong-willed.
You feel yourself speed up.
The vault guard hits you but does no damage.
You block the vault guard's attack. You block the vault sentinel's attack.
You impale the vault guard!!
The vault guard is severely wounded.
The vault guard hits you with a +0 battleaxe!
The vault sentinel hits you with a +1 long sword of holy wrath!
The ancient lich casts a spell.
The ancient lich seems to speed up.
Unknown command.
Your +9 demon trident of electrocution stops crackling.
a - a +9 heavy broad axe (weapon)
You cut the vault sentinel into ribbons!!!
The vault sentinel is almost dead.
You slash the vault guard! You block the vault guard's attack.
The vault sentinel hits you with a +1 long sword of holy wrath.
You hit the vault sentinel but do no damage.
You bite the vault sentinel.
The vault sentinel is almost dead.
You slice the vault guard!!
You kill the vault guard!
Trog accepts your kill. You block the vault sentinel's attack.
The ancient lich touches you! You partially resist.
You feel drained. You block the vault sentinel's attack.
You carve the ancient lich like a ham!!!
The ancient lich is heavily damaged.
You slice the vault sentinel!!
You kill the vault sentinel!
Trog accepts your kill.
Trog appreciates your killing of a magic user.
The ancient lich gestures at you while chanting.
The crystal spear hits you!!! You block the ancient lich's attack.
The +7 hand cannon "Mule" {flame, backblast, rF+} bursts into flame!
b - the +7 hand cannon "Mule" (weapon)
{flame, backblast, rF+} The ancient lich gestures at you while chanting.
The crystal spear hits you!!!!
You die...

,,,,,**,,,,**,,#))#
,,,,,,,,,∆,,,,,#†)#
*,,,**,,,∆∆,**,#.)#
*,,,**,,,∆∆,**,#..#
,,,,,,,,,∆,,,,,#..#
,,,,,**,,,,**,,#..#
,,,,,**,**,**,,#..#
,,,,,,,,**,,,,,#..#
,,,,,**,,,,**,,#@.#
*,,,****,,****,#L)#
*,,,****,,****,#..#
,,,,,**,,,,**,,#..#
,,,,,,,,,,,,,,,#..#
,,,,,**,,,,**..#..#
*,,,****,,***#.#..#
*,,,****,,**##.#..#
,,,,,**,,,.##..#..#


You could see an ancient lich (fast).

Vanquished Creatures
  the Lernaean hydra (Swamp:4)
  A golden dragon (Vaults:5)
  Rupert (Orc:2)
  Zenata (Elf:1)
  A lich (Vaults:4)
  A tentacled monstrosity (Vaults:5)
  2 deep elf blademasters (Elf:3)
  Mlioglotl (Swamp:1)
  3 deep elf master archers (Elf:3)
  The ghost of grandjackal the Warrior, an adept DrGl of Ashenzari (Spider:3)
  A titan (Vaults:5)
  Frances (Spider:2)
  2 tengu reavers (Vaults:5)
  Kirke (Lair:5)
  2 thorn hunters
  7 storm dragons
  Donald (Vaults:2)
  Aizul (Elf:1)
  2 iron dragons (Vaults:5)
  6 deep elf sorcerers
  2 frost giants (Vaults:5)
  6 emperor scorpions
  A fire giant (Vaults:3)
  11 vault wardens
  4 deep elf elementalists (Elf:3)
  3 ghost moths
  A juggernaut zombie (WizLab)
  A very ugly thing (D:15)
  2 orc warlords (Orc:2)
  17 ironbound preservers
  A war gargoyle (Vaults:5)
  A formless jellyfish (Vaults:1)
  A reaper (IceCv)
  2 broodmothers (Spider:2)
  3 stone giants (Vaults:5)
  7 deep elf demonologists
  5 ironbound thunderhulks
  2 eleionomae
  Azrael (D:12)
  A minotaur (Gauntlet)
  12 dire elephants
  8 bunyips
  6 deep elf annihilators
  A mummy priest (WizLab)
  An ettin (Orc:1)
  Snorg (Orc:1)
  Josephine (D:12)
  3 deep elf death magi
  4 entropy weavers
  A shambling mangrove (Swamp:1)
  8 deep elf high priests
  A fire dragon (Elf:1)
  19 hydras
  13 yaktaur captains
  Erolcha (Orc:1)
  31 vault guards
  A rakshasa (D:15)
  An ice dragon (Elf:1)
  6 great orbs of eyes
  2 ghost crabs
  A catoblepas (D:15)
  2 ice dragons (shapeshifter)
  4 jorogumos
  10 alligators
  15 ironbound frosthearts
  A spriggan air mage (Swamp:4)
  A merfolk avatar (Lair:5)
  10 centaur warriors
  2 ogre magi
  30 dancing weapons
  3 radroaches
  7 death yaks
  17 boulder beetles
  Erica (D:8)
  3 tengu warriors
  9 two-headed ogres
  5 orc high priests
  10 demonic crawlers
  13 spriggans
  Nergalle (D:11)
  Amaemon (D:8)
  12 deep elf knights
  11 skeletal warriors
  A skyshark (Lair:4)
  5 pharaoh ants
  A sun moth (Spider:2)
  4 goliath frogs
  5 spriggan druids
  A golden dragon zombie (WizLab)
  2 sea snakes (Lair:5)
  10 orb spiders
  A spriggan simulacrum (IceCv)
  26 deep trolls
  9 steelbarb worms
  10 swamp dragons
  An obsidian statue (IceCv)
  7 orc knights
  2 glowing orange brains (Gauntlet)
  Pikel (D:5)
  6 deep elf archers
  23 ironbound convokers
  7 arcanists
  3 harpies (Vaults:3)
  6 necromancers
  4 bog bodies
  14 deep elf pyromancers
  A frost giant zombie (WizLab)
  4 lindwurms
  3 phantasmal warriors
  A stone giant zombie (WizLab)
  16 wolf spiders
  17 ugly things
  Maurice (Orc:2)
  19 deep elf zephyrmancers
  A will-o-the-wisp (Swamp:1)
  6 orc sorcerers
  6 moths of wrath
  3 cyclopes
  3 manticores
  14 elephants
  19 vault sentinels
  A demonspawn zombie (WizLab)
  4 black mambas
  A black mamba (shapeshifter) (D:13)
  A titan simulacrum (Vaults:4)
  5 torpor snails
  A gargoyle (D:13)
  2 cane toads (shapeshifter) (D:13)
  An unseen horror (D:11)
  11 cane toads
  A minotaur zombie (Gauntlet)
  2 human zombies (WizLab)
  A kobold demonologist (Bailey)
  2 komodo dragons (shapeshifter)
  10 freezing wraiths
  An orange demon (D:8)
  3 rime drakes
  An efreet (D:13)
  9 komodo dragons
  19 yaktaurs
  A golden dragon simulacrum (IceCv)
  A tengu conjurer (D:15)
  4 ice devils (IceCv)
  9 meliai
  7 trolls
  5 guardian mummies (WizLab)
  A merfolk (shapeshifter) (Vaults:5)
  A queen bee (Spider:3)
  4 polar bears (D:9)
  A queen bee (shapeshifter) (Elf:2)
  A wind drake (Lair:5)
  26 tarantellas
  A bloated husk (Swamp:1)
  10 tyrant leeches
  14 blink frogs
  11 dream sheep
  A fire dragon zombie (WizLab)
  15 hornets
  A deep troll zombie (WizLab)
  A snapping turtle (Lair:5)
  8 flying skulls (Gauntlet)
  24 jumping spiders
  An air elemental (Elf:3)
  23 culicivoras
  25 slime creatures
  A water elemental (Elf:2)
  2 hogs (Lair:4)
  A shadow (D:11)
  3 wyverns
  A deep troll skeleton (Vaults:4)
  A vampire (D:12)
  40 yaks
  10 wraiths
  3 basilisks
  15 humans (D:14)
  An elf zombie (Vaults:4)
  3 steam dragons
  3 fire elementals
  72 redbacks
  7 vampire mosquitoes
  Edmund (D:4)
  5 wargs
  3 minotaur simulacra (IceCv)
  2 harpy simulacra (IceCv)
  14 swamp worms
  A glowing shapeshifter zombie (WizLab)
  4 hell hounds (D:12)
  20 water moccasins
  5 swamp drakes
  3 ice beasts
  54 orc warriors
  6 black bears
  A sky beast (D:8)
  25 ogres
  A wolf (D:9)
  12 centaurs
  3 phantoms
  4 kobold brigands
  19 bullfrogs
  2 gnoll sergeants
  4 deep troll simulacra (IceCv)
  7 earth elementals
  Dowan (D:6)
  15 wights
  2 lindwurm simulacra (IceCv)
  24 killer bees
  5 electric eels
  A howler monkey (D:9)
  4 crimson imps (D:6)
  2 quasits (D:8)
  2 hounds
  4 gnoll boudas
  A jelly (D:6)
  25 orc priests
  Crazy Yiuf (D:2)
  Jessica (D:3)
  6 iguanas
  28 orc wizards
  2 sleepcaps
  Natasha (thrice) (D:4)
  2 hell rats (Lair:5)
  A mummy (D:7)
  30 gnolls
  6 adders
  12 river rats
  5 shadow imps
  3 white imps
  An ufetubus (D:8)
  5 worms
  4 dart slugs
  129 orcs
  10 ball pythons
  11 endoplasms
  2 giant cockroaches
  12 hobgoblins
  2 quokkas
  3 bats
  7 frilled lizards
  14 goblins
  25 kobolds
  20 rats
1724 creatures vanquished.

Vanquished Creatures (collateral kills)
  A royal mummy (WizLab)
  A deep elf blademaster (Elf:3)
  An emperor scorpion (Spider:4)
  2 reapers (IceCv)
  2 deep elf death magi
  An ettin (Vaults:5)
  2 deep elf high priests
  A vault guard (Vaults:5)
  A death yak (D:9)
  A pharaoh ant (Spider:4)
  A skeletal warrior (D:11)
  2 deep elf archers (Elf:1)
  A deep elf zephyrmancer (Elf:3)
  2 deep elf pyromancers (Elf:1)
  A hornet (D:9)
  An air elemental (Elf:1)
  2 yaks (D:9)
  A fire elemental (Elf:1)
  A swamp drake (Swamp:4)
  A human zombie (WizLab)
26 creatures vanquished.

Vanquished Creatures (others)
  A hydra (Swamp:2)
  A dancing weapon (Elf:2)
  A goliath frog (Swamp:2)
  A deep elf zephyrmancer (Elf:3)
  A bloated husk (Swamp:2)
  An air elemental (Elf:3)
  2 vampire mosquitoes (Swamp:2)
  4 orcs
  2 foxfires (Swamp:1)
14 creatures vanquished.

Grand Total: 1764 creatures vanquished

Notes
Turn   | Place    | Note
-------+----------+-------------------------------------------
     0 | D:1      | jejorda2 the Gnoll Berserker began the quest for the Orb.
     0 | D:1      | Reached XP level 1. HP: 23/23 MP: 1/1
   141 | D:1      | Found a faded altar of an unknown god.
   219 | D:1      | Reached XP level 2. HP: 28/29 MP: 2/2
   405 | D:1      | Reached XP level 3. HP: 35/35 MP: 3/3
   652 | D:1      | Reached ** piety under Trog
   690 | D:1      | Reached skill level 1 in Invocations
  1113 | D:2      | Reached skill level 1 in Short Blades
  1113 | D:2      | Reached skill level 1 in Long Blades
  1113 | D:2      | Reached skill level 1 in Maces & Flails
  1113 | D:2      | Reached skill level 1 in Polearms
  1113 | D:2      | Reached skill level 1 in Staves
  1113 | D:2      | Reached skill level 1 in Ranged Weapons
  1113 | D:2      | Reached skill level 1 in Throwing
  1113 | D:2      | Reached skill level 1 in Stealth
  1113 | D:2      | Reached skill level 1 in Shields
  1113 | D:2      | Reached skill level 1 in Unarmed Combat
  1113 | D:2      | Reached skill level 1 in Spellcasting
  1113 | D:2      | Reached skill level 1 in Evocations
  1319 | D:2      | Found a runed translucent door.
  1320 | D:2      | Noticed Crazy Yiuf
  1326 | D:2      | Killed Crazy Yiuf
  1327 | D:2      | Reached skill level 1 in Conjurations
  1327 | D:2      | Reached skill level 1 in Hexes
  1327 | D:2      | Reached skill level 1 in Summonings
  1327 | D:2      | Reached skill level 1 in Necromancy
  1327 | D:2      | Reached skill level 1 in Translocations
  1327 | D:2      | Reached skill level 1 in Transmutations
  1327 | D:2      | Reached skill level 1 in Fire Magic
  1327 | D:2      | Reached skill level 1 in Ice Magic
  1327 | D:2      | Reached skill level 1 in Air Magic
  1327 | D:2      | Reached skill level 1 in Earth Magic
  1327 | D:2      | Reached skill level 1 in Poison Magic
  1327 | D:2      | Reached skill level 1 in Shapeshifting
  1327 | D:2      | Reached XP level 4. HP: 41/41 MP: 5/5
  1737 | D:3      | Reached XP level 5. HP: 47/47 MP: 5/7
  2002 | D:3      | Noticed Jessica
  2139 | D:3      | Killed Jessica
  2148 | D:3      | Reached XP level 6. HP: 45/53 MP: 8/8
  2218 | D:3      | Found a sparkling altar of Nemelex Xobeh.
  2396 | D:3      | Reached skill level 5 in Armour
  2396 | D:3      | Reached skill level 5 in Dodging
  2396 | D:3      | Reached skill level 2 in Shields
  2600 | D:4      | Found a white marble altar of Elyvilon.
  2784 | D:4      | Noticed a black bear
  2793 | D:4      | Killed a black bear
  2837 | D:4      | Noticed Edmund
  2849 | D:4      | Reached XP level 7. HP: 36/59 MP: 10/10
  2854 | D:4      | Killed Edmund
  3330 | D:4      | Found a basalt altar of Yredelemnul.
  3332 | D:4      | Noticed a profane servitor
  3337 | D:4      | Found a glowing golden altar of the Shining One.
  3339 | D:4      | Noticed an angel
  3346 | D:4      | Found a hazy altar of Hepliaklqana.
  3381 | D:4      | Noticed Natasha
  3382 | D:4      | Killed Natasha
  3455 | D:4      | Found a burning altar of Makhleb.
  3458 | D:4      | Found a glowing silver altar of Zin.
  3458 | D:4      | Noticed an angel
  3458 | D:4      | Noticed a green death
  3509 | D:4      | Noticed Natasha
  3518 | D:4      | Killed Natasha
  3518 | D:4      | Reached *** piety under Trog
  3616 | D:4      | Found a broken altar of Ashenzari.
  3728 | D:4      | Noticed Natasha
  3732 | D:4      | Killed Natasha
  3739 | D:5      | Entered Level 5 of the Dungeon
  3760 | D:5      | Identified the +2 leather armour of Lifelessness {rC- Str+9
                  | Int-4 Stlth+}
  3778 | D:5      | Reached XP level 8. HP: 55/67 MP: 12/12
  3780 | D:5      | Noticed Pikel
  3787 | D:5      | Found a staircase to the Ecumenical Temple.
  3793 | D:5      | Killed Pikel
  3794 | D:5      | Reached skill level 3 in Shields
  3884 | D:5      | Found a glowing drain.
  3907 | Sewer    | Entered a sewer
  4378 | D:5      | HP: 1/67 [gnoll/+1 spear of venom[a gnoll sergeant] (6)]
  4383 | D:5      | HP: 3/67 [poisoned by a gnoll]
  4699 | D:5      | Found a stormy altar of Qazlal.
  4980 | D:6      | Reached XP level 9. HP: 73/73 MP: 14/14
  4987 | D:6      | Found an iron altar of Okawaru.
  5029 | D:6      | Reached skill level 4 in Shields
  5097 | D:6      | Found a bloodstained altar of Trog.
  5109 | D:6      | Noticed Dowan
  5121 | D:6      | Killed Dowan
  5124 | D:6      | Found a shimmering altar of Xom.
  5326 | D:6      | Reached **** piety under Trog
  6132 | D:7      | Reached skill level 5 in Invocations
  6437 | D:7      | Reached XP level 10. HP: 72/80 MP: 17/17
  6444 | D:7      | Reached skill level 5 in Short Blades
  6444 | D:7      | Reached skill level 5 in Long Blades
  6444 | D:7      | Reached skill level 5 in Maces & Flails
  6444 | D:7      | Reached skill level 5 in Polearms
  6444 | D:7      | Reached skill level 5 in Staves
  6444 | D:7      | Reached skill level 5 in Ranged Weapons
  6444 | D:7      | Reached skill level 5 in Throwing
  6444 | D:7      | Reached skill level 5 in Stealth
  6444 | D:7      | Reached skill level 5 in Shields
  6444 | D:7      | Reached skill level 5 in Unarmed Combat
  6444 | D:7      | Reached skill level 5 in Spellcasting
  6444 | D:7      | Reached skill level 5 in Evocations
  6465 | D:7      | Found a snail-covered altar of Cheibriados.
  6504 | D:7      | Found a flagged portal.
  6529 | Bailey   | Entered a bailey
  6777 | Bailey   | Noticed an orc knight
  6793 | Bailey   | Killed an orc knight
  6974 | Bailey   | Noticed a kobold demonologist
  6991 | Bailey   | Killed a kobold demonologist
  7037 | Bailey   | Acquired the +2 helmet of the Orb Guardian {rPois rC+ rCorr
                  | Str-4}
  7062 | Bailey   | Found an iron altar of Okawaru.
  7062 | Bailey   | Noticed an orc high priest
  7078 | Bailey   | Noticed a rust devil
  7078 | Bailey   | Noticed an orange demon
  7078 | Bailey   | Killed an orc high priest
  7079 | Bailey   | Reached skill level 5 in Shapeshifting
  7169 | Bailey   | Identified the +7 broad axe of Youthful Indiscretion
                  | {protect, rPois Will- Int+5}
  8215 | D:7      | Reached XP level 11. HP: 87/87 MP: 19/19
  8503 | D:8      | Noticed Erica
  8509 | D:8      | Killed Erica
  8510 | D:8      | Reached skill level 6 in Shields
  8510 | D:8      | Reached skill level 5 in Conjurations
  8510 | D:8      | Reached skill level 5 in Hexes
  8510 | D:8      | Reached skill level 5 in Summonings
  8510 | D:8      | Reached skill level 5 in Necromancy
  8510 | D:8      | Reached skill level 5 in Translocations
  8510 | D:8      | Reached skill level 5 in Transmutations
  8510 | D:8      | Reached skill level 5 in Fire Magic
  8510 | D:8      | Reached skill level 5 in Ice Magic
  8510 | D:8      | Reached skill level 5 in Air Magic
  8510 | D:8      | Reached skill level 5 in Earth Magic
  8510 | D:8      | Reached skill level 5 in Poison Magic
  8613 | D:8      | Noticed Amaemon
  8627 | D:8      | Killed Amaemon
  9418 | D:9      | Paralysed by a hornet for 2 turns
  9880 | D:9      | Found a runed translucent gate.
  9880 | D:9      | Found a runed translucent gate.
  9880 | D:9      | Found a runed translucent gate.
  9880 | D:9      | Noticed a death yak
  9880 | D:9      | Noticed a manticore
  9880 | D:9      | Noticed a death yak
  9881 | D:9      | Noticed a death yak
  9904 | D:9      | Killed a death yak
  9915 | D:9      | Killed a manticore
  9927 | D:9      | Killed a death yak
  9931 | D:9      | Reached skill level 7 in Shields
  9931 | D:9      | Reached XP level 12. HP: 22/97 MP: 22/22
 10173 | D:9      | Identified the ring of the Unkillable {rC+ Int+2}
 10590 | D:10     | Entered Level 10 of the Dungeon
 10792 | D:10     | Found a shimmering blue altar of Sif Muna.
 11088 | D:10     | Noticed a two-headed ogre
 11097 | D:10     | Killed a two-headed ogre
 11257 | D:11     | Found Inioppuwk's Assorted Antiques.
 11259 | D:11     | Found Nishum's Antique Armour Boutique.
 11292 | D:11     | Reached skill level 10 in Fighting
 11292 | D:11     | Reached skill level 10 in Axes
 11636 | D:11     | Noticed a two-headed ogre
 11652 | D:11     | Killed a two-headed ogre
 11827 | D:11     | Found a staircase to the Lair.
 11978 | D:11     | Noticed Nergalle
 11993 | D:11     | Killed Nergalle
 12163 | D:11     | Found a blossoming altar of Fedhas.
 12289 | D:11     | Reached XP level 13. HP: 100/104 MP: 24/24
 12319 | D:11     | Reached skill level 8 in Shields
 12936 | D:11     | Found a staircase to the Orcish Mines.
 13215 | D:11     | Bought a runed plate armour for 598 gold pieces
 13254 | Lair:1   | Entered Level 1 of the Lair of Beasts
 13268 | D:11     | Acquired the +4 cloak "Hetymomnonu" {Regen+ Str+4}
 14262 | Lair:2   | Found a hole to the Spider Nest.
 14337 | Lair:2   | Reached ***** piety under Trog
 15060 | D:11     | Bought a runed tourmaline ring for 150 gold pieces
 15821 | Lair:3   | Found a staircase to the Swamp.
 15943 | Lair:4   | Reached skill level 10 in Armour
 15943 | Lair:4   | Reached skill level 10 in Dodging
 16077 | Lair:4   | Reached skill level 9 in Shields
 16077 | Lair:4   | Reached XP level 14. HP: 101/113 MP: 25/27
 16537 | Lair:4   | Reached skill level 10 in Invocations
 16953 | Lair:5   | Entered Level 5 of the Lair of Beasts
 16965 | Lair:5   | Found a bloodstained altar of Trog.
 17007 | Lair:5   | Found a gate leading to a gauntlet.
 17014 | Lair:5   | Noticed a dire elephant
 17019 | Gauntlet | Entered a Gauntlet
 17019 | Gauntlet | Found a transporter.
 17029 | Gauntlet | Found a transporter.
 17032 | Gauntlet | Found a transporter.
 17033 | Gauntlet | Found a transporter.
 17041 | Gauntlet | Found a transporter.
 17044 | Gauntlet | Found a transporter.
 17045 | Gauntlet | Found a transporter.
 17054 | Gauntlet | Found a transporter.
 17057 | Gauntlet | Found a transporter.
 17058 | Gauntlet | Found a transporter.
 17070 | Gauntlet | Found a transporter.
 17071 | Gauntlet | Found a transporter.
 17079 | Gauntlet | Found a transporter.
 17104 | Gauntlet | Found a transporter.
 17221 | Gauntlet | Identified the +1 pair of gloves "Cioq" {Rampage rF+}
 17255 | Gauntlet | Identified the ring of Xaitips {Fly Int+3 Dex+6}
 17296 | Gauntlet | Identified the ring "Haeru" {Drain rF+ rC+ rN+}
 17362 | Gauntlet | Identified the ring "Upraj" {*Corrode rF- rN+ Int+4 Dex+9}
 17399 | Gauntlet | Identified the +0 pair of boots of Lyxaopho {Regen+ Str+4
                  | Dex-3 SInv}
 17399 | Gauntlet | Identified the ring of the Equinox {rF+ Will+}
 17455 | Lair:5   | Killed a dire elephant
 17559 | Lair:5   | Noticed Kirke
 17829 | Lair:5   | Paralysed by a hornet for 2 turns
 17851 | Lair:5   | Identified the +3 rapier of Articulation {venom, Will+
                  | Dex+2 Stlth+}
 17855 | Lair:5   | Identified the ring of Wuzura Sogo {Fire Contam rElec Int+4
                  | SInv}
 17866 | Lair:5   | Reached skill level 10 in Short Blades
 17866 | Lair:5   | Reached skill level 10 in Long Blades
 17866 | Lair:5   | Reached skill level 10 in Maces & Flails
 17866 | Lair:5   | Reached skill level 10 in Polearms
 17866 | Lair:5   | Reached skill level 10 in Staves
 17866 | Lair:5   | Reached skill level 10 in Ranged Weapons
 17866 | Lair:5   | Reached skill level 10 in Throwing
 17866 | Lair:5   | Reached skill level 10 in Stealth
 17866 | Lair:5   | Reached skill level 10 in Shields
 17866 | Lair:5   | Reached skill level 10 in Unarmed Combat
 17866 | Lair:5   | Reached skill level 10 in Spellcasting
 17866 | Lair:5   | Reached skill level 10 in Evocations
 17866 | Lair:5   | Reached XP level 15. HP: 120/120 MP: 27/29
 18031 | Lair:5   | Received a gift from Trog
 18121 | Lair:5   | Killed Kirke
 18281 | Lair:5   | Reached XP level 16. HP: 122/127 MP: 30/30
 18301 | Lair:5   | Found a viscous altar of Jiyva.
 18760 | D:12     | Noticed Azrael
 18768 | D:12     | Killed Azrael
 18771 | D:12     | Noticed Josephine
 18783 | D:12     | Killed Josephine
 19604 | D:13     | Found a snail-covered altar of Cheibriados.
 19688 | D:13     | Found a shimmering blue altar of Sif Muna.
 20266 | D:14     | Found a frozen archway.
 20273 | IceCv    | Entered an ice cave
 20549 | IceCv    | Received a gift from Trog
 21999 | D:14     | Found a gate to the Vaults.
 22012 | D:14     | Reached skill level 10 in Shapeshifting
 22312 | D:14     | Found an iron altar of Okawaru.
 22333 | D:14     | Found a shimmering blue altar of Sif Muna.
 22389 | D:15     | Entered Level 15 of the Dungeon
 22515 | D:15     | Reached skill level 11 in Shields
 22820 | D:15     | Reached XP level 17. HP: 135/135 MP: 32/32
 23137 | D:15     | Found a staircase to the Depths.
 23589 | Orc:1    | Entered Level 1 of the Orcish Mines
 23679 | Orc:1    | Received a gift from Trog
 23949 | Orc:2    | Entered Level 2 of the Orcish Mines
 24119 | Orc:2    | Found Afroph's Antique Weapon Shop.
 24140 | Orc:2    | Paralysed by an orc sorcerer for 4 turns
 24323 | Orc:2    | Found a staircase to the Elven Halls.
 24426 | Orc:1    | Noticed Snorg
 24434 | Orc:1    | Killed Snorg
 24835 | Orc:1    | Noticed Erolcha
 24852 | Orc:1    | Received a gift from Trog
 24854 | Orc:1    | Killed Erolcha
 25025 | Orc:2    | Noticed Rupert
 25046 | Orc:2    | Killed Rupert
 25201 | Orc:2    | Noticed Maurice
 25284 | Orc:2    | Killed Maurice
 25499 | Orc:2    | Found Esirukon's Antique Armour Shoppe.
 25505 | Orc:2    | Found Haasamel's Antique Weapon Emporium.
 25554 | Orc:2    | Found Zixeupny's Book Shop.
 25809 | Orc:2    | Bought a manual of Shields for 1040 gold pieces
 25852 | Orc:2    | Bought a runed broad axe for 182 gold pieces
 25985 | Spider:1 | Entered Level 1 of the Spider Nest
 26140 | Spider:1 | Received a gift from Trog
 26827 | Spider:1 | Reached skill level 12 in Shields
 26827 | Spider:1 | Reached skill level 10 in Conjurations
 26827 | Spider:1 | Reached skill level 10 in Hexes
 26827 | Spider:1 | Reached skill level 10 in Summonings
 26827 | Spider:1 | Reached skill level 10 in Necromancy
 26827 | Spider:1 | Reached skill level 10 in Translocations
 26827 | Spider:1 | Reached skill level 10 in Transmutations
 26827 | Spider:1 | Reached skill level 10 in Fire Magic
 26827 | Spider:1 | Reached skill level 10 in Ice Magic
 26827 | Spider:1 | Reached skill level 10 in Air Magic
 26827 | Spider:1 | Reached skill level 10 in Earth Magic
 26827 | Spider:1 | Reached skill level 10 in Poison Magic
 27278 | Spider:2 | Reached XP level 18. HP: 123/142 MP: 33/33
 27384 | Spider:2 | Noticed Frances
 27399 | Spider:2 | Killed Frances
 27468 | Spider:2 | Received a gift from Trog
 28747 | Spider:3 | Noticed Roxanne
 28839 | Spider:3 | Identified the +4 quarterstaff "Momuwnot" {heavy, rPois
                  | Dex+3 Stlth+} (Trog gifted it to you on level 3 of the
                  | Spider Nest)
 28839 | Spider:3 | Received a gift from Trog
 29066 | Spider:3 | Found a runed translucent door.
 29066 | Spider:3 | Found a shimmering altar of Xom.
 29066 | Spider:3 | Noticed grandjackal's ghost (adept DrGl)
 29093 | Spider:3 | Reached skill level 13 in Shields
 30288 | Spider:3 | Killed grandjackal's ghost
 30360 | Spider:4 | Entered Level 4 of the Spider Nest
 30493 | Spider:4 | Received a gift from Trog
 31302 | Spider:4 | Reached XP level 19. HP: 152/152 MP: 9/35
 31610 | Spider:4 | Got a gossamer rune of Zot
 31964 | Swamp:1  | Entered Level 1 of the Swamp
 31997 | Swamp:1  | Noticed Mlioglotl
 32017 | Swamp:1  | Killed Mlioglotl
 32069 | Swamp:1  | Reached skill level 14 in Shields
 32836 | Swamp:2  | Received a gift from Trog
 32849 | Swamp:2  | Identified the +0 robe of Fallacy {rF+ Str+3 Dex+4}
 33020 | Swamp:2  | Found a hazy altar of Hepliaklqana.
 33634 | Swamp:3  | Identified the +3 leather armour of Moral Flaws {Str+3}
 33885 | Swamp:4  | Entered Level 4 of the Swamp
 34746 | Swamp:4  | Received a gift from Trog
 34747 | Swamp:4  | Reached skill level 15 in Shields
 34751 | Swamp:4  | Reached ****** piety under Trog
 34971 | Swamp:4  | Noticed the 27-headed Lernaean hydra
 34981 | Swamp:4  | Killed the 27-headed Lernaean hydra
 34982 | Swamp:4  | Reached XP level 20. HP: 150/161 MP: 37/37
 35035 | Swamp:4  | Got a decaying rune of Zot
 35303 | Vaults:1 | Entered Level 1 of the Vaults
 35303 | Vaults:1 | Found Wiegetur's Magic Scroll Shoppe.
 35498 | Vaults:1 | Reached skill level 15 in Fighting
 35498 | Vaults:1 | Reached skill level 15 in Axes
 35542 | Vaults:1 | Found a magical portal.
 35551 | WizLab   | Entered Doroklohe's Tomb
 35782 | WizLab   | Noticed a royal mummy
 35804 | WizLab   | Killed a royal mummy
 35818 | WizLab   | Received a gift from Trog
 36009 | WizLab   | Identified the +0 plate armour of Ysaezoose {Harm Regen+
                  | MP-9}
 36032 | WizLab   | Identified the +6 crystal plate armour "Kimyunt" {rElec
                  | Int-3 Dex+2}
 36037 | WizLab   | Identified the quicksilver dragon scales of Isset {*Slow
                  | rPois Will+ rCorr Dex+5}
 36042 | WizLab   | Identified the +0 scale mail of Fortification {Will- Dex+7}
 37473 | Vaults:1 | Identified the ring of the Evening {Fire rElec}
 37602 | Vaults:2 | Reached skill level 15 in Invocations
 37720 | Vaults:2 | Received a gift from Trog
 37972 | Vaults:2 | Noticed Donald
 37992 | Vaults:2 | Killed Donald
 38073 | Vaults:2 | Reached skill level 16 in Shields
 38555 | Vaults:2 | Found Zoapseli's Jewellery Shoppe.
 38951 | Vaults:2 | Found a staircase to the Crypt.
 38951 | Vaults:2 | Found an ancient bone altar of Kikubaaqudgha.
 38951 | Vaults:2 | Found a basalt altar of Yredelemnul.
 39164 | Vaults:3 | Received a gift from Trog
 39206 | Vaults:3 | Found Woenut's Book Shop.
 39298 | Vaults:3 | Reached XP level 21. HP: 169/169 MP: 39/39
 40074 | Vaults:3 | Received a gift from Trog
 40080 | Vaults:3 | Reached skill level 15 in Armour
 40080 | Vaults:3 | Reached skill level 15 in Dodging
 40087 | Vaults:3 | Identified the +4 scale mail of Epliatao {Contam rN+ Dex+3}
 41173 | Vaults:4 | Received a gift from Trog
 41673 | Vaults:4 | Reached skill level 17 in Shields
 41797 | Vaults:4 | Found Asigoich's General Store.
 42407 | D:11     | Bought a scroll of enchant weapon for 225 gold pieces
 42476 | Elf:1    | Entered Level 1 of the Elven Halls
 42487 | Elf:1    | Identified the serpent talisman of Elitism {rC+ Slay+2}
 42487 | Elf:1    | Noticed Aizul
 42497 | Elf:1    | Killed Aizul
 42512 | Elf:1    | Found a radiant altar of Vehumet.
 42558 | Elf:1    | Found Zitist's Overcharged Wands.
 42731 | Elf:1    | Found Fyplekan's Antique Armour Boutique.
 42985 | Elf:1    | Received a gift from Trog
 43051 | Elf:1    | Noticed Zenata
 43052 | Elf:1    | Paralysed by an air elemental for 1 turns
 43058 | Elf:1    | Paralysed by an air elemental for 1 turns
 43059 | Elf:1    | Reached skill level 15 in Long Blades
 43069 | Elf:1    | Found a runed translucent gate.
 43069 | Elf:1    | Found a runed translucent gate.
 43069 | Elf:1    | Found a runed translucent gate.
 43069 | Elf:1    | Found a runed translucent gate.
 43069 | Elf:1    | Found a runed translucent gate.
 43074 | Elf:1    | Killed Zenata
 43076 | Elf:1    | Found a runed translucent gate.
 43130 | Elf:1    | Reached XP level 22. HP: 178/178 MP: 40/40
 43641 | Elf:2    | Received a gift from Trog
 43657 | Elf:2    | Found a runed translucent gate.
 43657 | Elf:2    | Found a runed translucent gate.
 43657 | Elf:2    | Found a runed translucent gate.
 43729 | Elf:2    | Found Pyffyddy's Book Shoppe.
 43882 | Elf:2    | Identified the +8 flail "Hyasul" {flame, rF- MP+9 Int+3}
 44473 | Elf:2    | Reached skill level 15 in Short Blades
 44473 | Elf:2    | Reached skill level 15 in Maces & Flails
 44473 | Elf:2    | Reached skill level 15 in Polearms
 44473 | Elf:2    | Reached skill level 15 in Staves
 44473 | Elf:2    | Reached skill level 15 in Ranged Weapons
 44473 | Elf:2    | Reached skill level 15 in Throwing
 44473 | Elf:2    | Reached skill level 15 in Stealth
 44473 | Elf:2    | Reached skill level 15 in Unarmed Combat
 44473 | Elf:2    | Reached skill level 15 in Spellcasting
 44473 | Elf:2    | Reached skill level 15 in Evocations
 44799 | Elf:2    | Identified the +8 broad axe of Woe {flame, *Slow rElec
                  | SInv} (Trog gifted it to you on level 2 of the Elven Halls)
 44799 | Elf:2    | Received a gift from Trog
 44917 | Elf:3    | Entered Level 3 of the Elven Halls
 45066 | Elf:3    | Found Kaerr's Weapon Shop.
 45822 | Elf:3    | Identified the +9 scimitar of the Bouncing Allies {drain,
                  | rC+}
 45822 | Elf:3    | Identified the +0 robe "Buuteqof" {rPois}
 45999 | Elf:3    | Received a gift from Trog
 46000 | Elf:3    | Reached skill level 18 in Shields
 46007 | Elf:3    | Identified the +4 broad axe of the Pyrrhic Victory {freeze,
                  | Dex+3}
 46007 | Elf:3    | Identified the ring "Negyoh" {rElec rC+ AC+4 Slay+3 Stlth+}
 46090 | Elf:3    | Identified the +0 robe of Dim Light {rC+ rN+ Dex+4}
 46119 | Elf:3    | Identified the quicksilver dragon scales of Fallacy {rElec
                  | Will+}
 46150 | Elf:3    | Identified the ring of Impatience {rPois rC+ Dex+3}
 46303 | Elf:3    | Acquired 541 gold pieces
 47326 | Vaults:5 | Entered Level 5 of the Vaults
 47352 | Vaults:5 | Found the +7 hand cannon "Mule" {flame, backblast, rF+}
 47436 | Vaults:5 | Identified the +5 orcbow of the Sky {speed, Will+ Dex+5}
 47436 | Vaults:5 | Identified the ring "Kurph" {rC+ rCorr Int+3 Stlth+}
 48070 | Vaults:5 | Reached XP level 23. HP: 186/186 MP: 42/42
 48493 | Vaults:5 | Identified the +8 battleaxe "Raro" {heavy, rCorr Str-2
                  | Int+9 Stlth-}
 48509 | Vaults:5 | Identified the +8 chain mail of Naiheokk {rF+ rC+ Int+3}
 48573 | Vaults:5 | Noticed a golden dragon
 48589 | Vaults:5 | Killed a golden dragon
 48594 | Vaults:5 | Noticed an ancient lich
 48603 | Vaults:5 | Killed from afar by an ancient lich

Illustrated notes

Levels and vault maps discovered:
D:1:      dpeg_arrival_oval, layout_loops_ring,
          hellmonk_ecumenical_altar_crossroads
D:2:      layout_loops_ring, minmay_heptomino_o4, uniq_crazy_yiuf_cottage
D:3:      wander_river, layout_rooms, mainiacjoe_overflow_24_doors,
          minmay_between, uniq_jessica
D:4:      layout_basic, grunt_temple_overflow_order_and_chaos_2,
          mainiacjoe_overflow_cross_hatched, mainiacjoe_overflow_chevrons,
          lemuel_round_altar, grunt_temple_overflow_holy_war, uniq_edmund,
          uniq_natasha
D:5:      layout_cave_pools, mainiacjoe_overflow_brackets,
          minmay_temple_entry_sparse_star, cheibrodos_sewer_entry_bend,
          lightli_minifort, uniq_pikel
D:6:      layout_basic, led_xom_imps, lemuel_tele_altar, kennysheep_mini_moat,
          item_on_display_a, uniq_duvessa
D:7:      minmay_bubble_buster, layout_basic, slow_altar_1, enter_bailey_7
D:8:      layout_loops_cross, serial_demonic, serial_demonic_e,
          serial_demonic_c, serial_demonic_d, serial_demonic_c,
          serial_demonic_f, serial_demonic_a, uniq_amaemon, uniq_erica
D:9:      lemuel_bear_cage, layout_basic, grunt_ministairs_10
D:10:     layout_roguey, general_overflow_altar, serial_curves, eino_curves_01,
          eino_curves_02
D:11:     layout_loops_ring, due_lair_maze_entry_diamond, erik_orc_2,
          serial_rivers, chequers_serial_rivers_room_b,
          chequers_serial_rivers_micro_b, chequers_serial_rivers_marsh,
          chequers_serial_rivers_room_b, chequers_serial_rivers_large_a,
          serial_shops, nicolae_shop_overgrown_old_shop, shop,
          fedhas_altar_fruit_tree, uniq_nergalle
D:12:     layout_big_octagon, uniq_josephine, uniq_azrael
D:13:     layout_loops_ring, serial_park_tiny_1, kennysheep_flooded_box,
          hangedman_feature_mirror, amcnicky_mini_rare_corridor_liquid,
          drop_trap
D:14:     layout_loops_ring, grunt_vaults_entry_tiered,
          portal_ice_cave_entry_pillars_1, led_sif_pool,
          serial_co_window_serial, co_window_corner_a, co_window_corner_a,
          co_window_corner_a, co_window_corner_a, co_window_corner_a,
          co_window_paths_a, co_window_broadway_b, co_window_corner_ca,
          co_window_corner_b, co_window_unsneaky_path_a, co_window_corner_b,
          co_window_2corner, glass_columns_b, glass_columns_a,
          kennysheep_okawaru_gauntlet
D:15:     gammafunk_enter_depths_forms, layout_basic, nicolae_lava_and_water
Lair:1:   layout_long_grid, infiniplex_staircase_pool_2
Lair:2:   layout_hall_layers, spider_nest_entry_web_field
Lair:3:   layout_roguey, mainiacjoe_swamp_entry_lozenge_pond
Lair:4:   layout_small_grid, grunt_forest_small_clearings,
          infiniplex_staircase_pool
Lair:5:   gammafunk_lair_ancient_temple, layout_gridlike,
          minmay_slime_entry_oklob_open, gauntlet_entry_generic, basic_altar,
          kennysheep_rathole, uniq_kirke
Swamp:1:  layout_basic_swamp, hangedman_swamp_pad, uniq_mlioglotl
Swamp:2:  layout_falls_marsh, nicolae_swamp_godswood
Swamp:3:  layout_falls_marsh, nicolae_swamp_well_well_well, swamp_pool_1_2,
          hangedman_swamp_diagram, nicolae_swamp_long_stream,
          nicolae_swamp_decorative_isthmus
Swamp:4:  swamp_old_school, layout_basic_swamp
Spider:1: layout_spider_delve
Spider:2: layout_spider_delve, drop_trap, uniq_frances
Spider:3: layout_chambers, ebering_ghost_xom, special_room [special_room_bee],
          guppyfry_spider_mini_2, uniq_roxanne
Spider:4: hellmonk_spider_rune_bug_friends
Orc:1:    lemuel_ogre_cave, layout_diamond_mine, uniq_snorg
Orc:2:    grunt_orc_community_town_hall, layout_caves,
          grunt_orc_community_big_house_1, grunt_orc_community_big_house_2,
          grunt_orc_community_house_2, grunt_orc_community_house_3,
          grunt_orc_community_house_1, grunt_orc_community_house_1,
          grunt_orc_community_house_3, basic_altar, minmay_orc_temple_c,
          uniq_rupert, uniq_maurice
Elf:1:    layout_onion_city, serial_shops, nicolae_shop_gibbet_a_chance,
          basic_altar, orc_legates, nicolae_shop_overcharged_wands, uniq_zenata,
          uniq_aizul
Elf:2:    elven_hall_of_blades_hangedman_original [nicolae_blade_bullseye],
          layout_rooms, serial_shops, nicolae_take_the_stairs,
          serial_co_window_serial, co_window_corner_a, co_window_corner_a,
          co_window_paths_a, co_window_paths_b, co_window_of_opportunity_a,
          co_window_paths_b, co_window_broadway_c, co_window_paths_c,
          co_window_corner_cb
Elf:3:    minmay_elf_hall_not_hex, layout_onion_city, serial_shops,
          nicolae_shop_bloodbath_and_beyond, guppyfry_elf_garden
Vaults:1: mu_enter_wizlab_3, hangedman_vaults_variations, vaults_mumra_chevron,
          nicolae_vaults_heart-shaped_vault, nicolae_vaults_network_barrier,
          vaults_room_grunt_arrival_checkpoint, v_pattern_2,
          nicolae_vaults_steering_wheel, nicolae_vaults_storage_room_glass,
          nicolae_vaults_shelves_hall, nicolae_vaults_trapezoid_1,
          grunt_vaults_hallway_short, nicolae_vaults_surprise_closet_hard,
          layout_vaults_maze_snakey, serial_shops, nicolae_shop_stone
Vaults:2: minmay_crypt_entry_necro_gods, nicolae_vaults_circle_grid_a,
          st_diamondy, nicolae_vaults_three_branches,
          nicolae_vaults_border_crossing, nicolae_vaults_turnstiles,
          vaults_mumra_minichess_inversion, nicolae_vaults_stepped_doors,
          nicolae_vaults_yaktaur_gun_rack, grunt_vaults_diagonal,
          layout_vaults_big_cross, serial_shops, nicolae_shop_advertising_works
          [nicolae_subvault_shop_adworks], uniq_donald
Vaults:3: nicolae_vaults_closet_pinwheel_2, v_misc_15,
          nicolae_vaults_doubleplus_tesselated, v_misc_24, st_cells, v_misc_2,
          nicolae_vaults_tetromino_T_1, layout_vaults_omnigrid, serial_shops,
          shop
Vaults:4: v_misc_27, ontoclasm_vaults_twist, v_rooms_2,
          nicolae_vaults_diamond_1, v_misc_26, v_rooms_3,
          nicolae_vaults_tetromino_T_1, nicolae_vaults_closet_pinwheel_5,
          v_alt_pattern_2, ontoclasm_vaults_pinch, nicolae_vaults_double_plus_3,
          nicolae_vaults_library_corner, grunt_vaults_hallway_long,
          nicolae_vaults_shelves_hall, vaults_room_large_hall,
          nicolae_vaults_trapezoid_4, layout_vaults_omnibox, serial_shops, shop
Vaults:5: serial_shops

Skill      XL: |  1  2  3  4  5  6  7  8  9 10 11 12 13 14 15 16 17 18 19 20 21 22 23 |
---------------+----------------------------------------------------------------------+-----
Invocations    | 1 2 3 4 5 6 7 8 9 10 11 12 13 14 15 16 17 | 17.0
Short Blades   | 1 2 3 4 5 7 9 10 11 12 13 14 15 | 15.7
Long Blades    | 1 2 3 4 5 7 9 10 11 12 13 14 15 16 | 16.8
Maces & Flails | 1 2 3 4 5 7 9 10 11 12 13 14 15 | 15.7
Polearms       | 1 2 3 4 5 7 9 10 11 12 13 14 15 | 15.7
Staves         | 1 2 3 4 5 7 9 10 11 12 13 14 15 | 15.7
Ranged Weapons | 1 2 3 4 5 7 9 10 11 12 13 14 15 | 15.7
Throwing       | 1 2 3 4 5 7 9 10 11 12 13 14 15 | 15.7
Stealth        | 1 2 3 4 5 7 9 10 11 12 13 14 15 | 15.7
Shields        | 1 2 3 4 5 7 9 10 11 12 13 15 16 17 18 | 18.8
Unarmed Combat | 1 2 3 4 5 7 9 10 11 12 13 14 15 | 15.7
Spellcasting   | 1 2 3 4 5 7 9 10 11 12 13 14 15 | 15.7
Evocations     | 1 2 3 4 5 7 9 10 11 12 13 14 15 | 15.7
Conjurations   | 1 2 3 4 5 6 7 8 9 10 11 12 13 | 13.3
Hexes          | 1 2 3 4 5 6 7 8 9 10 11 12 13 | 13.3
Summonings     | 1 2 3 4 5 6 7 8 9 10 11 12 13 | 13.3
Necromancy     | 1 2 3 4 5 6 7 8 9 10 11 12 13 | 13.3
Translocations | 1 2 3 4 5 6 7 8 9 10 11 12 13 | 13.3
Transmutations | 1 2 3 4 5 6 7 8 9 10 11 12 13 | 13.3
Fire Magic     | 1 2 3 4 5 6 7 8 9 10 11 12 13 | 13.3
Ice Magic      | 1 2 3 4 5 6 7 8 9 10 11 12 13 | 13.3
Air Magic      | 1 2 3 4 5 6 7 8 9 10 11 12 13 | 13.3
Earth Magic    | 1 2 3 4 5 6 7 8 9 10 11 12 13 | 13.3
Poison Magic   | 1 2 3 4 5 6 7 8 9 10 11 12 13 | 13.3
Shapeshifting  | 1 2 3 4 5 6 7 8 9 10 11 12 13 14 | 14.5
Armour         | 5 6 7 8 9 10 11 12 13 14 15 16 | 16.3
Dodging        | 5 6 7 8 9 10 11 12 13 14 15 16 | 16.3
Fighting       | 7 8 9 10 11 12 13 14 15 16 | 16.9
Axes           | 7 8 9 10 11 12 13 14 15 16 17 | 17.2

Action                     |  1- 3 |  4- 6 |  7- 9 | 10-12 | 13-15 | 16-18 | 19-21 | 22-24 || total
---------------------------+-------+-------+-------+-------+-------+-------+-------+-------++-------
  Melee: Hand axe          |   145 |   149 |    23 |       |       |       |       |       ||   317
         Bite              |    13 |    13 |    17 |    66 |    77 |   338 |   337 |    96 ||   957
         Punch             |       |     2 |       |     1 |    11 |       |       |       ||    14
         Dire flail        |       |       |   218 |   470 |   460 |    44 |       |       ||  1192
         War axe           |       |       |       |    20 |       |       |       |       ||    20
         Broad axe         |       |       |       |    61 |   167 |   475 |   676 |   219 ||  1598
         Demon whip        |       |       |       |       |       |   208 |       |       ||   208
         Eveningstar       |       |       |       |       |       |   743 |       |       ||   743
         Demon trident     |       |       |       |       |       |   648 |  1333 |   555 ||  2536
   Fire: Hand cannon       |       |       |       |       |       |       |       |    29 ||    29
  Throw: Dart              |       |       |       |    10 |   130 |   144 |    10 |       ||   294
         Boomerang         |       |       |       |       |     7 |    16 |    78 |    14 ||   115
         Javelin           |       |       |       |       |     3 |     5 |       |       ||     8
 Invoke: Berserk           |     2 |     5 |     5 |    14 |    11 |    29 |    22 |     5 ||    93
         Trog's Hand       |       |     3 |     5 |    10 |     5 |     9 |     9 |     5 ||    46
         Brothers in Arms  |       |       |       |     3 |       |     1 |     5 |     2 ||    11
  Evoke: Wand              |       |       |     3 |     6 |     5 |     2 |       |       ||    16
         Tin of tremorston |       |       |       |       |       |       |     1 |       ||     1
    Use: Scroll            |       |       |    18 |    14 |     6 |     9 |     7 |     6 ||    60
         Potion            |       |       |     1 |     1 |     2 |       |     1 |       ||     5
   Stab: Held in net/web   |       |       |       |       |     1 |     2 |       |       ||     3
         Distracted        |       |       |       |       |       |     3 |       |       ||     3
         Invisible         |       |       |       |       |       |     1 |       |       ||     1
 Armour: Animal skin       |    10 |       |       |       |       |       |       |       ||    10
         Chain mail        |    73 |   112 |   296 |    85 |       |       |       |       ||   566
         Plate armour      |       |       |       |   739 |   872 |  1731 |   669 |       ||  4011
         Crystal plate arm |       |       |       |       |       |       |   750 |   493 ||  1243
  Dodge: Dodged            |    59 |    56 |   168 |   335 |   388 |   796 |   635 |   145 ||  2582
  Block: Kite shield       |       |       |       |       |       |  1432 |  1310 |   253 ||  2995
         Tower shield      |       |       |       |       |       |       |       |   231 ||   231

Table legend: (Time is in decaauts)
 A = Elapsed time spent in this place.
 B = Non-inter-level travel time spent in this place.
 C = Inter-level travel time spent in this place.
 D = Time resting spent in this place.
 E = Time spent auto-exploring this place.
 F = Levels seen in this place.
 G = Mean time per level.
                   A        B        C        D        E       F      G
               +--------+--------+--------+--------+--------+-----+--------+
         Total |  49059 |  44474 |   4585 |   6048 |  25658 |  43 | 1140.9 |
       Dungeon |  17387 |  15400 |   1987 |   1031 |  10355 |  15 | 1159.1 |
          Lair |   5780 |   4739 |   1041 |    289 |   3157 |   5 | 1156.0 |
         Swamp |   3063 |   2836 |    227 |    352 |   1698 |   4 |  765.8 |
   Spider Nest |   5761 |   5555 |    206 |   1190 |   2693 |   4 | 1440.2 |
  Orcish Mines |   2475 |   2147 |    328 |    312 |   1055 |   2 | 1237.5 |
   Elven Halls |   4470 |   4299 |    171 |    910 |   2143 |   3 | 1490.0 |
        Vaults |   6791 |   6168 |    623 |   1185 |   3175 |   5 | 1358.2 |
         Sewer |    435 |    435 |      0 |      0 |    338 |   1 |  435.0 |
        Bailey |   1208 |   1208 |      0 |    537 |    378 |   1 | 1208.0 |
      Ice Cave |    622 |    622 |      0 |    171 |    163 |   1 |  622.0 |
        Wizlab |    606 |    606 |      0 |     30 |    282 |   1 |  606.0 |
      Gauntlet |    456 |    456 |      0 |     36 |    218 |   1 |  456.0 |
               +--------+--------+--------+--------+--------+-----+--------+

Top non-repeatable levels by time:
    D:11: 2265 daAuts
   Elf:3: 1990 daAuts
Spider:3: 1943 daAuts
    D:14: 1678 daAuts
Vaults:2: 1535 daAuts
     D:9: 1497 daAuts
   Orc:2: 1488 daAuts
Vaults:3: 1469 daAuts
Vaults:4: 1466 daAuts
Spider:4: 1395 daAuts
     D:7: 1367 daAuts
  Lair:4: 1307 daAuts
   Elf:2: 1305 daAuts
  Lair:2: 1295 daAuts
Vaults:5: 1256 daAuts
